 Dungeon Crawl Stone Soup version 0.25-a0-426-g7d9e569eea (webtiles) character file.

Game seed: 14403962288894361432, levelgen mode: deterministic

9081 Eurus the Thaumaturge (level 11, -12/80 HPs)
             Began as a Mummy Conjurer on Jan 25, 2020.
             Was a Believer of Ashenzari.
             Mangled by a two-headed ogre
             ... wielding a +0 giant spiked club
              (19 damage)
             ... on level 11 of the Dungeon.
             The game lasted 00:52:50 (19722 turns).

Eurus the Thaumaturge (Mummy Conjurer)             Turns: 19722, Time: 00:52:50

Health: -12/80     AC:  4    Str: 13    XL:     11   Next: 18%
Magic:  25/25      EV: 13    Int: 17    God:    Ashenzari [**....]
Gold:   696        SH:  4    Dex: 12    Spells: 24/31 levels left

rFire    x . .     SeeInvis .   h - +0 quarterstaff
rCold    + . .     Gourm    .   (shield currently unavailable)
rNeg     + + +     Faith    .   t - +0 robe (curse)
rPois    ∞         Spirit   .   n - +0 helmet (curse)
rElec    .         Reflect  +   (no cloak)
rCorr    .         Harm     .   (no gloves)
MR       ++...                  l - +0 pair of boots
Stlth    ++........             k - +4 amulet of reflection
HPRegen  0.23/turn              g - ring of protection from magic
MPRegen  0.19/turn              (no ring)

@: very slightly contaminated
A: no food or potions, fire vulnerability, cold resistance 1, negative energy
resistance 3, torment resistance, unbreathing
a: Curse Item, Scrying, Renounce Religion


You were on level 11 of the Dungeon.
You worshipped Ashenzari.
Ashenzari was pleased with you.
You were not hungry.

You visited 2 branches of the dungeon, and saw 13 of its levels.

You collected 696 gold pieces.

Inventory:

Hand Weapons
 h - a +0 quarterstaff (weapon)
Armour
 l - a +0 pair of boots (worn)
 n - a cursed +0 helmet (worn)
 t - a cursed +0 robe (worn)
Magical Staves
 r - an uncursed staff of cold
Jewellery
 g - a ring of protection from magic (left hand)
 k - a +4 amulet of reflection (around neck)
 s - an uncursed ring of fire
Wands
 a - a wand of paralysis (7)
 b - a wand of polymorph (3)
 m - a wand of acid (8)
 o - a wand of disintegration (50)
 u - a wand of flame (11)
Scrolls
 c - 4 scrolls of teleportation
 d - a scroll of silence {unknown}
 e - a scroll of blinking
 f - 5 scrolls of identify
 i - 4 scrolls of enchant weapon
 j - 4 scrolls of enchant armour
 p - 4 scrolls of remove curse
 q - a scroll of magic mapping


   Skills:
 - Level 5.3 Fighting
 + Level 7.8 Staves
 - Level 3.4 Dodging
 - Level 1.5 Stealth
 + Level 10.7 Spellcasting
 + Level 8.2 Conjurations
 + Level 2.5 Translocations
 - Level 2.5 Evocations


You had 24 spell levels left.
You knew the following spells:

 Your Spells              Type           Power        Failure   Level  Hunger
a - Magic Dart            Conj           ####         1%          1    N/A
b - Searing Ray           Conj           #####.       1%          2    N/A
c - Iskenderun's Mystic   Conj/Tloc      ####....     9%          4    N/A

Your spell library contained the following spells:

 Spells                   Type           Power        Failure   Level  Hunger
 Shock                    Conj/Air       ###.         1%          1    N/A
 Dazzling Flash           Conj/Hex       ###...       4%          3    N/A
 Static Discharge         Conj/Air       ###.....     4%          3    N/A
 Animate Skeleton         Necr           N/A          8%          1    N/A
 Pain                     Necr           #...         8%          1    N/A
 Swiftness                Chrm/Air       #.......     12%         2    N/A
 Fulminant Prism          Conj/Hex       ###.......   14%         4    N/A
 Vampiric Draining        Necr           #.........   24%         3    N/A
 Lightning Bolt           Conj/Air       ###.......   38%         5    N/A
 Airstrike                Air            #.........   61%         4    N/A
 Animate Dead             Necr           N/A          61%         4    N/A
 Agony                    Necr           #.......     91%         5    N/A

Dungeon Overview and Level Annotations

Branches:
Dungeon (12/15)            Temple (1/1) D:4            Lair (0/6) D:11
    Orc (0/2) D:12

Altars:
Ashenzari
Cheibriados
Dithmenos
Elyvilon
Fedhas
Gozag
Hepliaklqana
Kikubaaqudgha
Makhleb
Nemelex Xobeh
Okawaru
Qazlal
Ru
Sif Muna
Trog
Uskayaw
Vehumet
Wu Jian
Xom
Yredelemnul
Zin
The Shining One

Shops:
D:8 %

Annotations:
D:4 Sigmund
D:9 Maurice
D:11 exclusions: door and elephant, Harold, Urug


Innate Abilities, Weirdness & Mutations

You do not eat or drink.
Your flesh is vulnerable to fire.
You are immune to poison.
Your flesh is cold resistant. (rC+)
You are immune to negative energy. (rN+++)
You are immune to unholy pain and torment.
You can survive without breathing.


Message History

The five-headed hydra bites you!
* * * LOW HITPOINT WARNING * * *
Unknown command.
Blink to where?
Press: ? - help, Dir - move target cursor You are very lightly contaminated with residual magic.
As you read the scroll of blinking, it crumbles to dust.
There is a stone staircase leading up here.
You climb upwards.
Level annotation: exclusions: door and elephant, Harold, Urug
There is a stone staircase leading down here.
You start resting.
The two-headed ogre is too close now for your liking.
A two-headed ogre is nearby!
The two-headed ogre shouts in stereo!
Blink to where?
Press: ? - help, Dir - move target cursor
As you read the scroll of blinking, it crumbles to dust.
The two-headed ogre hits you with a +0 giant spiked club!!
You die...

#......#, ###..'## * ##
#.)# ..# #..# #.# #.>#
#.# #####'### #.#
#.......# #####'##
#(....O.### #..)....
#....[.@'.#### #..>....
#.......#.)..####.......
#.......####...##.......
#.......# ###..'.......
#.......# ####.......
######### #.......
#....... #####'## ####.#


You could see a two-headed ogre.

Vanquished Creatures
  A manticore (D:11)
  2 centaur zombies
  A hippogriff (D:10)
  A shadow (D:11)
  2 wyverns
  A basilisk (D:11)
  A hungry ghost (D:7)
  2 yaks (D:8)
  2 hogs (D:8)
  A human (D:8)
  4 vampire mosquitoes (D:11)
  2 water moccasins
  2 ice beasts
  A phantom (D:7)
  6 orc warriors
  An eye of draining (D:8)
  3 necrophages
  4 centaurs
  7 ogres
  A crocodile (D:11)
  3 big kobolds
  Blork the orc (D:4)
  6 bullfrogs
  4 scorpions
  5 killer bees
  5 wights
  2 howler monkeys
  4 crimson imps
  2 bullfrog zombies (D:10)
  A jelly (D:11)
  5 hounds
  11 orc wizards
  11 orc priests
  A bullfrog skeleton (D:12)
  2 centaur skeletons
  Terence (D:2)
  3 iguanas
  11 worker ants
  2 hound skeletons
  A worker ant zombie (D:7)
  13 adders
  7 gnolls
  An adder skeleton (D:8)
  5 worms
  3 dart slugs
  6 leopard geckos
  77 orcs
  5 bats
  2 giant cockroaches
  5 hobgoblins
  15 jackals
  4 quokkas
  7 frilled lizards
  3 goblins
  22 kobolds
  A quokka skeleton (D:5)
  6 rats
308 creatures vanquished.

Vanquished Creatures (others)
  A centaur (D:10)
  A kobold (D:10)
2 creatures vanquished.

Grand Total: 310 creatures vanquished

Notes
Turn   | Place    | Note
-------+----------+-------------------------------------------
     0 | D:1      | Eurus the Mummy Conjurer began the quest for the Orb.
     0 | D:1      | Reached XP level 1. HP: 13/13 MP: 4/4
   257 | D:1      | Reached skill level 3 in Spellcasting
   466 | D:1      | Reached XP level 2. HP: 20/20 MP: 3/6
   656 | D:1      | Reached skill level 1 in Fighting
   757 | D:1      | You fall into a shaft and drop 1 floor!
  1121 | D:2      | Learned a level 2 spell: Searing Ray
  1463 | D:1      | Reached XP level 3. HP: 16/26 MP: 7/7
  1638 | D:1      | You fall into a shaft and drop 1 floor!
  2151 | D:2      | Noticed Terence
  2544 | D:2      | Found a white marble altar of Elyvilon.
  2872 | D:3      | Reached XP level 4. HP: 28/33 MP: 6/9
  2999 | D:3      | Reached skill level 1 in Staves
  3398 | D:3      | Found an iron altar of Okawaru.
  3600 | D:3      | Reached skill level 4 in Spellcasting
  3600 | D:3      | Reached XP level 5. HP: 38/38 MP: 6/11
  4052 | D:3      | Noticed an ogre
  4060 | D:3      | Killed an ogre
  4145 | D:3      | Reached XP level 6. HP: 46/46 MP: 5/12
  4570 | D:2      | Killed Terence
  4904 | D:4      | Found a hazy altar of Hepliaklqana.
  4904 | D:4      | Found a sparkling altar of Nemelex Xobeh.
  4949 | D:4      | Reached skill level 5 in Spellcasting
  4950 | D:4      | Found a sacrificial altar of Ru.
  4992 | D:4      | Found a glowing golden altar of the Shining One.
  5077 | D:4      | Noticed Blork the orc
  5484 | D:4      | Killed Blork the orc
  5484 | D:4      | Reached XP level 7. HP: 52/52 MP: 4/15
  5792 | D:4      | Found a staircase to the Ecumenical Temple.
  5871 | D:4      | Noticed Sigmund
  5878 | Temple   | Entered the Ecumenical Temple
  6024 | Temple   | Became a worshipper of Ashenzari the Shackled
  6305 | D:5      | Entered Level 5 of the Dungeon
  6519 | D:5      | Reached skill level 5 in Conjurations
  6527 | D:5      | Found an opulent altar of Gozag.
  6657 | D:5      | Reached skill level 6 in Spellcasting
  7497 | D:4      | Reached XP level 8. HP: 22/58 MP: 11/17
  7721 | D:5      | Found an ancient bone altar of Kikubaaqudgha.
  8384 | D:5      | Reached skill level 7 in Spellcasting
 10445 | D:7      | Reached XP level 9. HP: 59/64 MP: 15/20
 10694 | D:7      | Reached skill level 8 in Spellcasting
 10905 | D:7      | Found a glowing silver altar of Zin.
 10954 | D:7      | Reached skill level 5 in Staves
 11380 | D:7      | Reached * piety under Ashenzari
 12306 | D:8      | Found Yrruxt's Food Shop.
 12926 | D:8      | Reached skill level 5 in Fighting
 12930 | D:8      | Reached skill level 9 in Spellcasting
 12933 | D:8      | Reached XP level 10. HP: 53/74 MP: 9/23
 13555 | D:9      | Noticed Maurice
 13683 | D:9      | Noticed a green ugly thing
 14160 | D:10     | Entered Level 10 of the Dungeon
 14358 | D:9      | Reached skill level 1 in Evocations
 16419 | D:11     | Noticed a deep elf mage
 16508 | D:11     | Learned a level 4 spell: Iskenderun's Mystic Blast
 16538 | D:11     | Noticed Urug
 16573 | D:11     | Reached ** piety under Ashenzari
 16579 | D:11     | Found a staircase to the Lair.
 16579 | D:11     | Noticed an elephant
 16597 | D:11     | Reached skill level 10 in Spellcasting
 16831 | D:11     | Reached skill level 1 in Translocations
 17125 | D:11     | Noticed a two-headed ogre
 17411 | D:12     | Reached XP level 11. HP: 67/80 MP: 12/25
 17486 | D:12     | Noticed a green ugly thing
 18479 | D:11     | Noticed Harold
 19599 | D:12     | Found a staircase to the Orcish Mines.
 19679 | D:12     | Noticed a five-headed hydra
 19697 | D:12     | HP: 1/80 [five-headed hydra (9)]
 19722 | D:11     | Mangled by a two-headed ogre

Levels and vault maps discovered:
D:1:      roderic_dead_forest, layout_rooms
D:2:      layout_basic, elyvilon_altar_3, uniq_terence
D:3:      layout_loops_corners, okawaru_gym_becter
D:4:      layout_basic, nicolae_overflow_crystal_walls,
          gammafunk_temple_overflow_claw, minmay_temple_entry_arrows,
          first_ration, uniq_blork_the_orc, uniq_sigmund
D:5:      layout_gridville, marbit_many_paths, st_stairs_3,
          nicolae_gozag_cash_rules_everything_around_me
D:6:      layout_loops_corners
D:7:      layout_loops_corners, basic_altar
D:8:      layout_basic, serial_shops, shop, grunt_livestock
D:9:      layout_cave_pools, uniq_maurice
D:10:     layout_gridville, minmay_circle_x
D:11:     layout_roguey, david_lair_generic, serial_shops, shop,
          kennysheep_diamond, uniq_maggie, uniq_urug, uniq_harold
D:12:     layout_loops_cross, hiddenorc2_lemuel, chequers_serial_rivers_micro_e
Temple:   regret_index_temple_waves

Skill      XL: |  1  2  3  4  5  6  7  8  9 10 |
---------------+-------------------------------+-----
Spellcasting   | 3 4 5 6 7 9 10 | 10.7
Fighting       | 1 2 3 5 |  5.3
Staves         | 1 2 3 4 6 7 |  7.8
Conjurations   | 4 5 6 7 8 |  8.2
Dodging        | 2 3 |  3.4
Evocations     | 2 |  2.5
Translocations | 2 |  2.5
Stealth        | |  1.5

Action                   |  1- 3 |  4- 6 |  7- 9 | 10-12 || total
-------------------------+-------+-------+-------+-------++-------
Melee: Dagger            |    35 |       |       |       ||    35
       Quarterstaff      |    25 |    27 |   113 |    74 ||   239
 Cast: Magic Dart        |    78 |    59 |   116 |   173 ||   426
       Searing Ray       |     4 |    19 |    59 |    70 ||   152
  Use: Scroll            |       |       |     8 |    10 ||    18
 Stab: Distracted        |       |       |     1 |       ||     1
       Sleeping          |       |       |       |     1 ||     1
Armor: Robe              |    16 |     4 |    39 |    28 ||    87
Dodge: Dodged            |    54 |    20 |   104 |   115 ||   293
Block: Other             |       |       |    27 |    33 ||    60
       Reflection        |       |       |     5 |     9 ||    14

Table legend:
 A = Non-vault XP
 B = Vault XP
 C = Vault XP percentage of total XP
 D = Non-vault monster count
 E = Vault monster count
 F = Vault count percentage of total count
                 A         B        C        D         E       F
            +---------+---------+-------+---------+---------+-------
      Total |   10239 |    2734 |  21.1 |     263 |      46 |  14.9
            +---------+---------+-------+---------+---------+-------
        D:1 |      33 |       0 |   0.0 |      18 |       0 |   0.0
        D:2 |      62 |      36 |  36.7 |      19 |       1 |   5.0
        D:3 |     293 |       0 |   0.0 |      30 |       0 |   0.0
        D:4 |     567 |     209 |  26.9 |      17 |       2 |  10.5
        D:5 |     712 |     122 |  14.6 |      24 |       1 |   4.0
        D:6 |     704 |       0 |   0.0 |      16 |       0 |   0.0
        D:7 |    1263 |       0 |   0.0 |      29 |       0 |   0.0
        D:8 |     979 |     968 |  49.7 |      27 |       5 |  15.6
        D:9 |     633 |       0 |   0.0 |      16 |       0 |   0.0
       D:10 |    1449 |     776 |  34.9 |      36 |       4 |  10.0
       D:11 |    2286 |     111 |   4.6 |      26 |       1 |   3.7
       D:12 |    1258 |     512 |  28.9 |       5 |      32 |  86.5
            +---------+---------+-------+---------+---------+-------
